Cogmind - Beta 14 @@@ ROGUE MODE // 2024.08.22 @ 23:35:40 Player: THN-L0C Result: Core destroyed Performance ------------- Evolutions (3) 1500 Regions Visited (9) 1800 Robots Destroyed (98) 490 Value Destroyed (3282) 3282 Prototype IDs (39) 780 Alien Tech Used (0) 0 Bonus (427) 427 TOTAL SCORE: 8279 Bonus ------- High Alert Combat Kills 77 Follower Combat Kills 50 Aligned with FarCom 300 Cogmind --------- Core Integrity 0/700 Matter 143/300 Energy 34/100 System Corruption 2% Temperature Critical (512) Movement Core (550) Ox10 Location -7/Storage Parts ------- > --- POWER (1) -------- Hybrid Deuterium Engine > --- PROPULSION (5) --- (None) > --- UTILITY (5) ------ Large Storage Unit Improved Propulsion Shielding Backup Plating III > --- WEAPON (2) ------- (None) > --- INVENTORY (15) --- Light Nuclear Core Improved Airjet Compact Battery (200) High-capacity Matter Pod (200) Improved Propulsion Shielding Drone Bay (2/2) Cooled Particle Cannon Firepult Precision Assault Rifle Precision Assault Rifle Powered Hammer Peak State ------------ > --- POWER ------------ Improved Deuterium Engine > --- PROPULSION ------- Light Treads Light Treads Light Treads Carbon-fiber Leg Cooled Airjet > --- UTILITY ---------- Cryofiber Web Improved Heat Sink Large Storage Unit Advanced Targeting Computer Improved Medium Armor Plating > --- WEAPON ----------- Cooled Pulse Rifle Cooled Pulse Rifle > --- INVENTORY -------- Hybrid Deuterium Engine Improved Airjet Compact Battery High-capacity Matter Pod Improved Propulsion Shielding Improved Propulsion Shielding Improved Light Armor Plating Drone Bay Cooled Particle Cannon Firepult Precision Assault Rifle Precision Assault Rifle Precision Grenade Launcher Powered Hammer [Rating: 46] Favorites ----------- Power Cooled Ion Engine Engine Cooled Ion Engine Power Core Light Nuclear Core Propulsion Improved Treads Treads Improved Treads Leg Aluminum Leg Hover Unit Backup Propulsion III Flight Unit Improved VTOL Module Utility Large Storage Unit Device Improved Heat Sink Storage Large Storage Unit Processor Advanced Targeting Computer Protection Hardened Medium Armor Plating Weapon Gatling Laser Energy Gun Gatling Laser Energy Cannon Advanced Beam Cannon Ballistic Gun Heavy Assault Rifle Launcher Mini Grenade Launcher Impact Weapon Powered Hammer Build | -11 -10 -10 -9 -9 -9 -8 -8 -7 -7 ------- Run | Yrd Mat Min Mat Min Exi Min Mat Fac Sto Slots Evolved 6 | . . . 2 . . . 2 2 . Power . | . . . . . . . . . . Propulsion 3 | . . . 2 . . . . 1 . Utility 3 | . . . . . . . 2 1 . Weapon . | . . . . . . . . . . Parts Attached 119 | 7 7 3 27 1 1 4 19 7 43 Power 10 | 1 1 . 1 . 1 . 1 2 3 Engine 9 | 1 1 . 1 . 1 . 1 2 2 Core 1 | . . . . . . . . . 1 Reactor . | . . . . . . . . . . Propulsion 24 | 2 . . 5 . . . 5 . 12 Treads 14 | 2 . . 5 . . . 4 . 3 Leg 2 | . . . . . . . 1 . 1 Wheel . | . . . . . . . . . . Hover 7 | . . . . . . . . . 7 Flight 1 | . . . . . . . . . 1 Utility 28 | 2 2 1 6 . . 2 5 3 7 Device 14 | 1 . 1 5 . . 2 3 2 . Storage 4 | 1 2 . 1 . . . . . . Processor 2 | . . . . . . . . 1 1 Hackware . | . . . . . . . . . . Protection 8 | . . . . . . . 2 . 6 Artifact . | . . . . . . . . . . Weapon 57 | 2 4 2 15 1 . 2 8 2 21 Energy Gun 33 | . 2 1 10 . . 1 7 1 11 Energy Cannon 4 | . . . 1 . . . . . 3 Ballistic Gun 7 | 2 1 . 3 . . . . . 1 Ballistic Cannon . | . . . . . . . . . . Launcher 8 | . 1 1 . 1 . 1 1 1 2 Special Weapon . | . . . . . . . . . . Impact Weapon 5 | . . . 1 . . . . . 4 Slashing Weapon . | . . . . . . . . . . Piercing Weapon . | . . . . . . . . . . Special Melee Weapon . | . . . . . . . . . . Unidentified Prototypes 16 | . 1 . 3 . . . 1 1 10 Parts Lost 27 | . . 1 1 . . 1 4 . 20 Power 3 | . . . . . . . 1 . 2 Propulsion 12 | . . . . . . 1 2 . 9 Utility 7 | . . 1 . . . . . . 6 Weapon 5 | . . . 1 . . . 1 . 3 Highest Loss Streak 13 | . . 1 1 . . 1 1 . 13 To Critical Strikes . | . . . . . . . . . . Average Slot Usage (%) 95 | . 100 100 93 100 100 100 97 82 92 Engine 9 | . 14 14 11 11 11 11 8 7 6 Treads 33 | . 28 28 38 44 44 44 33 23 30 Device 14 | . 14 14 10 11 11 11 19 21 13 Storage 9 | . 14 14 11 11 11 11 9 7 7 Processor 1 | . . . . . . . . . 6 Protection 3 | . . . . . . . 6 7 7 Energy Gun 15 | . 21 14 15 11 11 17 16 14 13 Ballistic Gun 1 | . 6 . 3 . . . . . . Launcher 2 | . . 13 1 11 11 4 1 . . Peak Build Rating 46 | 7 13 15 23 23 25 26 32 37 46 Average Rating 26 | 5 12 12 19 23 23 25 30 35 37 On Entrance 19 | . 7 12 14 23 23 25 23 32 36 Naked Turns . | . . . . . . . . . . Heaviest Build 51 | 12 35 35 38 37 35 36 46 51 49 Greatest Support 106 | 40 40 40 92 92 92 101 101 66 106 Greatest Overweight (x) 11 | . . . . . . . . . 11 Average Overweight (x) . | . . . . . . . . . . Largest Inventory Capacity 15 | 8 15 15 15 15 15 15 15 15 15 Average Capacity 14 | 7 11 15 15 15 15 15 15 15 15 Most Carried 15 | 3 13 15 15 15 15 15 15 15 15 Average Carried 13 | . 9 14 14 15 14 14 14 14 14 Final Capacity 15 | 8 15 15 15 15 15 15 15 15 15 Final Carried 15 | 2 13 14 15 15 15 15 15 15 12 Class Distribution -------------------- 86% | Mutant 13% | Scavenger-Mutant Dominant Class ---------------- Mutant | -10/Materials Mutant | -10/Mines Mutant | -9/Materials Mutant | -9/Mines Mutant | -9/Exiles Mutant | -8/Mines Mutant | -8/Materials Mutant | -7/Factory Scavenger-Mutant | -7/Storage Resources | -11 -10 -10 -9 -9 -9 -8 -8 -7 -7 ----------- Run | Yrd Mat Min Mat Min Exi Min Mat Fac Sto Matter Collected 1697 | 334 93 158 253 72 . 151 224 21 391 Remotely . | . . . . . . . . . . Salvage Created 3356 | 155 93 257 383 19 . 156 778 186 1329 Parts 158 | 10 14 14 17 4 . 5 32 3 59 Haulers Intercepted 4 | . 1 . 3 . . . . . . Recyclers Shooed 1 | . . . . . . . 1 . . Parts Field Recycled . | . . . . . . . . . . Retrieved Matter . | . . . . . . . . . . Parts Self-Destructed . | . . . . . . . . . . Prevented . | . . . . . . . . . . Kills | -11 -10 -10 -9 -9 -9 -8 -8 -7 -7 ------- Run | Yrd Mat Min Mat Min Exi Min Mat Fac Sto Combat Hostiles Destroyed 79 | . 6 10 8 3 . 3 17 4 28 Guns 57 | . 6 5 8 . . 2 14 4 18 AOE 19 | . . 5 . 3 . 1 1 . 9 Classes Destroyed 14 | 2 3 3 1 . . 1 1 . 3 Worker 4 | . . 1 . . . . . . 3 Builder 2 | . . . . . . . . . 2 Tunneler 4 | 3 . . . . . . 1 . . Hauler 4 | . 1 . 3 . . . . . . Recycler 2 | 1 . . . . . . . . 1 Mechanic 1 | . . . . . . . . . 1 Watcher 2 | . 1 . . . . . 1 . . Swarmer 22 | . 6 . 3 3 . . 2 . 8 Grunt 31 | . . 8 1 . . 2 10 4 6 Duelist 1 | . . . . . . . 1 . . Sentry 18 | . . . 4 . . . 3 . 11 Demolisher 2 | . . 2 . . . . . . . Hunter 3 | . . . . . . 1 1 . 1 Programmer 2 | . . . . . . . . . 2 Best Kill Streak 19 | 2 3 5 5 3 . 2 4 4 19 Combat Bots Only 15 | . 3 5 5 3 . 2 4 4 15 Max Kills in Single Turn 6 | 1 1 2 1 3 . 1 2 2 6 Gunslinging 1 | . . . . . . . . 1 1 Exploded 3 | . . 2 . 3 . 1 1 . 3 Melee . | . . . . . . . . . . Uniques/NPCs Destroyed . | . . . . . . . . . . Combat | -11 -10 -10 -9 -9 -9 -8 -8 -7 -7 -------- Run | Yrd Mat Min Mat Min Exi Min Mat Fac Sto Hostile Shots Fired 798 | . 27 28 45 3 . 33 96 17 549 Missed 263 | . 5 9 12 . . 7 25 6 199 Damage Taken 6068 | . 168 451 399 23 . 424 1082 189 3332 Core 1219 | . 25 164 40 . . 87 99 32 772 Absorbed by Shields . | . . . . . . . . . . Regen/Repaired (Parts) 321 | . . . . . . . 299 22 . Core Remaining (%) 68 | 100 . 24 . . . 68 82 . . Volleys Fired 234 | 16 17 14 27 1 . 18 66 8 67 Largest 2 | 2 2 2 2 2 . 2 2 2 2 Hottest 250 | 40 130 130 130 86 . 112 126 160 250 Shots Fired 418 | 32 32 23 54 2 . 25 126 16 108 Gun 388 | 32 32 16 54 1 . 17 123 16 97 Cannon 4 | . . . . . . . . . 4 Launcher 26 | . . 7 . 1 . 8 3 . 7 Special . | . . . . . . . . . . Kinetic 37 | 32 2 . 2 . . . . . 1 Thermal 355 | . 30 16 52 1 . 17 123 16 100 Explosive 18 | . . 7 . 1 . . 3 . 7 Electromagnetic 8 | . . . . . . 8 . . . Robot Hit Streak 31 | 7 5 9 13 . . 6 11 12 31 Robot Miss Streak 9 | 3 9 5 4 1 . 5 6 3 2 Penetration Max . | . . . . . . . . . . Secondary Targets 7 | . . . 1 . . . . 1 5 Max Gunslinging Chain 1 | . . . 1 . . . . 1 1 Shots Hit Robots 319 | 20 27 20 44 . . 14 84 14 96 Core Hits 244 | 7 23 39 30 2 . 9 40 14 80 Critical Kills . | . . . . . . . . . . Critical Parts Destroyed . | . . . . . . . . . . Critical Strikes 11 | . . . 4 . . 2 3 . 2 Burn 11 | . . . 4 . . 2 3 . 2 Melee Attacks 8 | . . . 3 . . . . . 5 Impact 8 | . . . 3 . . . . . 5 Slashing . | . . . . . . . . . . Piercing . | . . . . . . . . . . Sneak Attacks . | . . . . . . . . . . Combat Hostiles . | . . . . . . . . . . Follow-up Attacks . | . . . . . . . . . . Damage Inflicted 7801 | 184 260 680 770 156 . 387 1742 386 3236 Guns 5516 | 184 260 267 761 . . 206 1480 386 1972 Cannons 112 | . . . . . . . . . 112 Explosions 2138 | . . 413 . 152 . 169 262 . 1142 Melee . | . . . . . . . . . . Ramming 35 | . . . 9 4 . 12 . . 10 Kinetic 214 | 184 13 . 17 . . . . . . Thermal 5867 | . 247 267 744 . . 206 1568 386 2449 Explosive 1516 | . . 413 . 152 . . 174 . 777 Electromagnetic 169 | . . . . . . 169 . . . Impact . | . . . . . . . . . . Slashing . | . . . . . . . . . . Piercing . | . . . . . . . . . . Highest Corruption 2 | . . . . . . . . . 2 Average Corruption 1 | . . . . . . . . . 1 Corruption Purged . | . . . . . . . . . . Corruption Blocked . | . . . . . . . . . . Effects 13 | . . . . . . . . . 13 Message Errors 3 | . . . . . . . . . 3 Matter Fused 5 | . . . . . . . . . 5 Heat Flow Errors 1 | . . . . . . . . . 1 Energy Discharges 1 | . . . . . . . . . 1 Data Loss (minor) 2 | . . . . . . . . . 2 Alerts 1 | . . . . . . . . . 1 Overload Shots 3 | . . . . . . . . . 3 Effects 1 | . . . . . . . . . 1 Short Circuit 1 | . . . . . . . . . 1 Overflow Damage 56 | . . . . 17 . . 18 . 21 Projectiles . | . . . . . . . . . . Explosions 56 | . . . . 17 . . 18 . 21 Melee . | . . . . . . . . . . Knockbacks . | . . . . . . . . . . Impact . | . . . . . . . . . . Kinetic . | . . . . . . . . . . Secondary . | . . . . . . . . . . Self-Inflicted Damage 231 | . . . . . . 9 63 . 159 Shots 9 | . . . . . . 1 1 . 7 Rammed 6 | . . . 1 1 . 2 . . 2 Targets Rammed 6 | . . . 1 1 . 2 . . 2 Kicked . | . . . . . . . . . . Crushed . | . . . . . . . . . . Highest Temperature 693 | . 315 147 219 . . 6 198 . 693 Average Temperature 111 | . 116 63 63 . . 6 78 . 311 Received Heat Transfer 1782 | . . 84 153 . . 207 441 99 798 Effects 7 | . 2 . . . . . . . 5 Energy Bleed 1 | . . . . . . . . . 1 Interference 2 | . 2 . . . . . . . . Matter Decay 1 | . . . . . . . . . 1 Short Circuit 2 | . . . . . . . . . 2 Damage (core) 1 | . . . . . . . . . 1 Siege Activations . | . . . . . . . . . . Robots Corrupted . | . . . . . . . . . . Combat Hostiles . | . . . . . . . . . . Parts Fried . | . . . . . . . . . . Impact Corruptions . | . . . . . . . . . . Robots Melted 3 | . . . . . . . 2 . 1 Combat Hostiles 3 | . . . . . . . 2 . 1 Parts Melted 42 | . . . 6 . . 3 8 2 23 Heat Transferred 13417 | . 305 340 1667 . . 592 3491 825 6197 Parts Sabotaged . | . . . . . . . . . . Parts Stolen . | . . . . . . . . . . Parts Stripped . | . . . . . . . . . . Power Chain Reactions . | . . . . . . . . . . Alert | -11 -10 -10 -9 -9 -9 -8 -8 -7 -7 ------- Run | Yrd Mat Min Mat Min Exi Min Mat Fac Sto Peak Influence 555 | 20 112 304 298 138 . 55 238 196 555 Initial 118 | . 13 . 118 57 . . 17 88 . Average 89 | 7 31 132 160 134 . 33 103 130 85 Maximum Alert Level 2 | . . 1 1 . . . 1 . 2 Low Security (%) 89 | 100 100 90 64 100 . 100 93 100 80 Level 1 8 | . . 9 35 . . . 6 . 10 Level 2 1 | . . . . . . . . . 8 Level 3 . | . . . . . . . . . . Level 4 . | . . . . . . . . . . Level 5 . | . . . . . . . . . . High Security . | . . . . . . . . . . Max Security . | . . . . . . . . . . Squads Dispatched 22 | . 2 1 1 . . . 3 1 14 Investigation 4 | . 1 . . . . . 2 . 1 Extermination 2 | . . . . . . . . . 2 Reinforcement 6 | . 1 . 1 . . . 1 . 3 Assault 4 | . . 1 . . . . . 1 2 Garrison 6 | . . . . . . . . . 6 Intercept . | . . . . . . . . . . Searches Triggered . | . . . . . . . . . . Construction Impeded 1 | . . . . . . . . . 1 Haulers Reinforced 1 | . . . . . . . . . 1 Active Scanning Responses . | . . . . . . . . . . Cargo Convoy Interrupts . | . . . . . . . . . . Stealth | -11 -10 -10 -9 -9 -9 -8 -8 -7 -7 --------- Run | Yrd Mat Min Mat Min Exi Min Mat Fac Sto Distress Signals 8 | . . . 2 . . . 2 . 4 Communications Jammed . | . . . . . . . . . . Distress Signals . | . . . . . . . . . . Times Spotted 128 | . 12 15 21 3 . 7 29 5 36 Peak Tracking Total 11 | . 3 4 8 3 . 4 5 5 11 Tactical Retreats 10 | . . . 2 . . 1 3 . 4 Traps | -11 -10 -10 -9 -9 -9 -8 -8 -7 -7 ------- Run | Yrd Mat Min Mat Min Exi Min Mat Fac Sto Traps Triggered 3 | . 1 . 1 . . . . . 1 Indirectly . | . . . . . . . . . . Trap Hack Attempts . | . . . . . . . . . . Triggered . | . . . . . . . . . . Disarmed . | . . . . . . . . . . Reprogrammed . | . . . . . . . . . . Reused . | . . . . . . . . . . Traps Extracted . | . . . . . . . . . . Installed . | . . . . . . . . . . Triggered . | . . . . . . . . . . Machines | -11 -10 -10 -9 -9 -9 -8 -8 -7 -7 ---------- Run | Yrd Mat Min Mat Min Exi Min Mat Fac Sto Machines Disabled 5 | . . . . . . . 3 . 2 Max in Single Turn 1 | . . . . . . . 1 . 1 Machines Repaired . | . . . . . . . . . . Machines Dismantled . | . . . . . . . . . . Machines Sabotaged . | . . . . . . . . . . Overloaded Fab Kills . | . . . . . . . . . . Hacking | -11 -10 -10 -9 -9 -9 -8 -8 -7 -7 --------- Run | Yrd Mat Min Mat Min Exi Min Mat Fac Sto Machines Accessed 15 | . 1 . 3 . 1 . 7 1 2 Terminals 11 | . 1 . 3 . . . 5 . 2 Fabricators . | . . . . . . . . . . Repair Stations 3 | . . . . . . . 2 1 . Recycling Units . | . . . . . . . . . . Scanalyzers . | . . . . . . . . . . Garrison Access . | . . . . . . . . . . Total Hacks 36 | . 2 . 10 . 1 . 17 3 3 Successful 22 | . 1 . 6 . 1 . 11 2 1 Failed 14 | . 1 . 4 . . . 6 1 2 Catastrophic 3 | . 1 . 1 . . . 1 . . Database Lockouts . | . . . . . . . . . . Manual 15 | . 2 . 6 . 1 . 6 . . Terminals 27 | . 2 . 10 . . . 12 . 3 Fabricators . | . . . . . . . . . . Repair Stations 8 | . . . . . . . 5 3 . Recycling Units . | . . . . . . . . . . Scanalyzers . | . . . . . . . . . . Garrison Access . | . . . . . . . . . . Terminal Hacks 12 | . . . 4 . 1 . 6 . 1 Open Door 1 | . . . . . . . . . 1 Branch Access Points 2 | . . . 1 . . . 1 . . Emergency Access Points 3 | . . . 1 . . . 2 . . Terminal Index 2 | . . . 1 . . . 1 . . Unreport Threat 1 | . . . . . . . 1 . . Locate Traps 1 | . . . . . . . 1 . . Zone Layout 1 | . . . 1 . . . . . . Derelict Proto ID Bank 1 | . . . . . 1 . . . . Fabricator Hacks . | . . . . . . . . . . Repair Station Hacks 6 | . . . . . . . 4 2 . Scan Component 3 | . . . . . . . 2 1 . Repair 3 | . . . . . . . 2 1 . Recycling Unit Hacks . | . . . . . . . . . . Scanalyzer . | . . . . . . . . . . Garrison Access Hacks . | . . . . . . . . . . Unauthorized Hacks 4 | . 1 . 2 . . . 1 . . Terminals 4 | . 1 . 2 . . . 1 . . Botnet 4 | . 1 . 2 . . . 1 . . Fabricators . | . . . . . . . . . . Repair Stations . | . . . . . . . . . . Recycling Units . | . . . . . . . . . . Scanalyzers . | . . . . . . . . . . Garrison Access . | . . . . . . . . . . Data Cores Recovered . | . . . . . . . . . . Used . | . . . . . . . . . . Hacking Detections 13 | . 1 . 3 . . . 7 . 2 Full Trace Events 3 | . . . . . . . 2 . 1 Feedback Events . | . . . . . . . . . . Feedback Blocked . | . . . . . . . . . . Robot Schematics Acquired . | . . . . . . . . . . Robots Built . | . . . . . . . . . . Authchips . | . . . . . . . . . . Time . | . . . . . . . . . . Total Robot Build Rating . | . . . . . . . . . . Part Schematics Acquired . | . . . . . . . . . . Parts Built . | . . . . . . . . . . Authchips . | . . . . . . . . . . Time . | . . . . . . . . . . Total Part Build Rating . | . . . . . . . . . . Parts Repaired 3 | . . . . . . . 2 1 . Time 102 | . . . . . . . 64 38 . Parts Recycled . | . . . . . . . . . . Recycled Matter . | . . . . . . . . . . Retrieved Matter . | . . . . . . . . . . Retrieved Components . | . . . . . . . . . . Parts Scanalyzed . | . . . . . . . . . . Part Schematics Acquired . | . . . . . . . . . . Parts Damaged . | . . . . . . . . . . Bothacking | -11 -10 -10 -9 -9 -9 -8 -8 -7 -7 ------------ Run | Yrd Mat Min Mat Min Exi Min Mat Fac Sto Used RIF Installer . | . . . . . . . . . . Robots Hacked . | . . . . . . . . . . Non-combat . | . . . . . . . . . . Combat . | . . . . . . . . . . Robot Hacks Applied . | . . . . . . . . . . Relay Couplers Released . | . . . . . . . . . . Fabnet Peak Effective % . | . . . . . . . . . . Robots Rewired . | . . . . . . . . . . Allies Hacked . | . . . . . . . . . . Hacks Repelled . | . . . . . . . . . . Allies | -11 -10 -10 -9 -9 -9 -8 -8 -7 -7 -------- Run | Yrd Mat Min Mat Min Exi Min Mat Fac Sto Total Allies 3 | . . 1 . . . . . . 2 Largest Group 2 | . . 1 . . . . . . 2 Highest-Rated Group 62 | . . 31 . . . . . . 62 Highest-Rated Ally 31 | . . 31 . . . . . . 31 Total Orders . | . . . . . . . . . . Ally Attacks 10 | . . 4 . . . . . . 6 Total Damage 169 | . . 63 . . . . . . 106 Kills 2 | . . 2 . . . . . . . Allies Corrupted . | . . . . . . . . . . Allies Melted . | . . . . . . . . . . Intel | -11 -10 -10 -9 -9 -9 -8 -8 -7 -7 ------- Run | Yrd Mat Min Mat Min Exi Min Mat Fac Sto Robot Analysis Total . | . . . . . . . . . . Derelict Logs Recovered 2 | . . . . 2 . . . . . Drone Launches . | . . . . . . . . . . Drone Recoveries . | . . . . . . . . . . Exploration | -11 -10 -10 -9 -9 -9 -8 -8 -7 -7 ------------- Run | Yrd Mat Min Mat Min Exi Min Mat Fac Sto Turns Passed 7323 | 256 976 308 801 287 353 714 1590 511 1527 Spaces Moved 3381 | 122 489 166 391 176 219 404 727 259 428 Core 4 | 1 . . . . . . . . 3 Treads 3338 | 121 489 166 391 176 219 404 727 259 386 Legs . | . . . . . . . . . . Wheels . | . . . . . . . . . . Hover 39 | . . . . . . . . . 39 Flight . | . . . . . . . . . . Fastest Speed 50 | 50 160 160 160 160 160 160 160 160 135 Average Speed 160 | 159 160 160 160 160 160 160 160 160 165 Slowest Speed 600 | 160 160 160 160 160 160 160 160 160 600 Overloaded Moves . | . . . . . . . . . . Propulsion Burnouts . | . . . . . . . . . . Robots Hopped . | . . . . . . . . . . Cave-ins Triggered . | . . . . . . . . . . Exploration Rate (%) 46 | 8 61 52 33 65 60 76 50 9 55 Regions Visited 9 Branch Regions 5 Pre-discovered Areas 2 | . . . . 2 . . . . . Known Exits Taken 2 | . . . 1 . . . . 1 . Unknown Exits Taken 7 | 1 1 1 . 1 1 1 1 . . Scrap Searched 2 | . . . . 1 . 1 . . . Spaces Dug 4 | . . . 3 . . . . . 1 Terrain Destroyed 152 | . . 44 3 11 . . 43 . 51 Melee 4 | . . . 3 . . . . . 1 Projectile . | . . . . . . . . . . AOE 148 | . . 44 . 11 . . 43 . 50 Terrain Rammed . | . . . . . . . . . . Walls Destroyed . | . . . . . . . . . . Machines Disabled . | . . . . . . . . . . Actions | -11 -10 -10 -9 -9 -9 -8 -8 -7 -7 --------- Run | Yrd Mat Min Mat Min Exi Min Mat Fac Sto Total 4832 | 152 649 186 507 178 222 446 1030 340 1122 Wait 960 | 4 124 . 31 . . 13 191 48 549 Move 3372 | 121 488 165 390 175 218 403 726 258 428 Hop . | . . . . . . . . . . Pick Up 64 | 3 11 3 10 . 1 3 13 10 10 Fast Attach 30 | 7 . . 5 . . . 4 1 13 Attach 14 | . . 1 1 . . . 4 1 7 Detach 4 | . . . . . . . . . 4 Swap 76 | . 7 2 21 1 1 4 12 5 23 Drop 64 | 1 2 1 18 . 2 3 14 9 14 Fire 234 | 16 17 14 27 1 . 18 66 8 67 Melee 8 | . . . 3 . . . . . 5 Ram . | . . . . . . . . . . Kick . | . . . . . . . . . . Crush 6 | . . . 1 1 . 2 . . 2 Escape Stasis . | . . . . . . . . . . Rewire . | . . . . . . . . . . Trap . | . . . . . . . . . . Miscellaneous . | . . . . . . . . . . Route ------- -11/Scrapyard -10/Materials (discovered 3 exits: *Mat x2 / [*Min]) -10/Mines -9/Materials (discovered 2 exits: *Min x2) -9/Mines -9/Exiles (discovered 2 exits: [*Min x2]) -8/Mines -8/Materials -7/Factory -7/Storage History --------- Turn | Location | Event 22 | -11/Scrapyard | Discovered new exit (range 16) 257 | -11/Scrapyard | Entered Materials 277 | -10/Materials | Discovered new exit (range 15) 315 | -10/Materials | Build established: Mutant 634 | -10/Materials | Discovered new exit (range 7) 965 | -10/Materials | Discovered new exit (range 16) 1233 | -10/Materials | Entered Mines 1234 | -10/Mines | Met a Derelict testing a Signal Generator 1243 | -10/Mines | Found Signal Generator 1501 | -10/Mines | Assembled infested the area 1513 | -10/Mines | Core integrity fell below 50% 1533 | -10/Mines | Discovered new exit (range 5) 1541 | -10/Mines | Entered Materials 1541 | -9/Materials | Evolved 2 slots: Propulsion x2 1769 | -9/Materials | Identified exit to Mines 2342 | -9/Materials | Entered Mines 2465 | -9/Mines | Learned location of Storage (-7) 2517 | -9/Mines | Learned location of Zion (-6) 2619 | -9/Mines | Deemed a non-threat by the Exiles lab entrance 2621 | -9/Mines | Discovered new exit (range 5) 2629 | -9/Mines | Entered Exiles 2653 | -9/Exiles | Discovered new exit (range 15) 2673 | -9/Exiles | Met 8R-AWN 2695 | -9/Exiles | Met EX-HEX 2741 | -9/Exiles | Met EX-BIN 2765 | -9/Exiles | Aligned with FarCom system 2767 | -9/Exiles | Given EX-Vault access code 2804 | -9/Exiles | Opened EX-Vault 2822 | -9/Exiles | Found Firepult 2859 | -9/Exiles | Warned to stay clear of 0b10 Research branches 2872 | -9/Exiles | Exiles lab attacked by MAIN.C 2964 | -9/Exiles | Discovered new exit (range 14) 2982 | -9/Exiles | Left Exiles lab with Firepult 2982 | -9/Exiles | Entered Mines 3435 | -8/Mines | Discovered new exit (range 16) 3696 | -8/Mines | Entered Materials 3696 | -8/Materials | Evolved 2 slots: Utility x2 3760 | -8/Materials | Repaired Imp. Treads 4693 | -8/Materials | Discovered new exit (range 16) 4763 | -8/Materials | Repaired Imp. Treads 5286 | -8/Materials | Entered Factory 5286 | -7/Factory | Evolved 2 slots: Propulsion x1, Utility x1 5499 | -7/Factory | Repaired Cryofiber Web 5773 | -7/Factory | Discovered new exit (range 6) 5795 | -7/Factory | Identified exit to Storage 5797 | -7/Factory | Entered Storage 6008 | -7/Storage | Garrison activated, responded to threat 6185 | -7/Storage | Met a pair of Derelict thieves 6387 | -7/Storage | Build established: Scavenger-Mutant 7085 | -7/Storage | Garrison activated, responded to threat 7181 | -7/Storage | Core integrity fell below 50% 7216 | -7/Storage | Destroyed 15 combat bots 7224 | -7/Storage | Lost 13 parts (2p5n4u2w) 7240 | -7/Storage | Core integrity fell below 20% 7325 | -7/Storage | Core destroyed Last Messages --------------- 07315_ Overheating: Short circuit. 07316_ Overheating: Matter decay (-32). 07316_ Imp. Light Armor Plating destroyed. 07318_ M-28 Smith fits Backup Laser III on P-60 Hacker. 07320_ M-28 Smith fits Backup Propulsion III on P-60 Hacker. 07320_ K-01 Serf collects debris. 07320_ R-06 Scavenger destroyed. 07320_ M-28 Smith destroyed. 07320_ S-27 Virus destroyed. 07320_ Melted Imp. Heat Sink. 07320_ U-05 Engineer destroyed. 07320_ Broken Mic. Nuclear Core melted. 07320_ P-60 Hacker destroyed. 07320_ S-27 Virus destroyed. 07321_ AA94O3# NV9&O8CLVMY5W NIP1/8F11UV5T 07321_ ALERT: Construction progress impeded, dispatching reinforcements to local area. 07321_ U-05 Engineer sends out distress signal. 07324_ K-01 Serf collects debris. 07325_ Overheating: Core damaged (-119). Map ----- +----------------------------------------------------+ | ?????????????????????# #???# # # | | ?????????????????????# #???# # # | | ?????????????????????# #???# # # """ | | ?????????????????????# ##### # !# """ | | ?????????????????????# =#== # %+ """ | | ?????????????????????# =#%= # # """ | | ?????????????????????# +%= # # """ | | ?????????????????????# !#%[ # # | | ?????????????????????# #= # ##+###### | | ?????????????????????## ##= # #????? | | ??????????????????????# # % #^ #????? | | ??????????????????????# ## # #????? | | ??????????????????????# ## [ # #????? | | ??????????????????????# ### ##+## ????? | | ??????????????????????# ### # % ####????? | | ??????????????????????# [ #??????? | | ??????????????????????# rs#### # # ##??????? | | ??????????????????????#%=! #?# ??????? | | ????????????##+########=*%=???## ??????? | | ????????????# [%%=#????? ??????? | | ????????????# ^ *=#????? !????????? | | ????????????# ^ #??????" " ?????????? | | ????????????# #### ##???????G" ?????????? | | ????????????# ??# #????????????????????? | | ????????????????# #????????????????????? | | ????????????????# @ #????????????????????? | | ????????????????# ;#???????????????????? | | ????????????????# =k= #???????????????????? | | ????????????????# === #???????????????????? | | ??????????g?????# === #???????????????????? | | ????????g?g?????# ???????????????????? | | ????????????????# #??????????????????? | | ????????????????###### % #??????????????????? | | ????????????????????? ####??????????????????? | | ?????????????????????###??????????????????????? | | | | | | | | | | | | | | | | | | | | | | | | | | | | | | | +----------------------------------------------------+ Best States ------------- Heat Dissipation 62 Energy Generation 16 Energy Capacity 800 Matter Stores 300 Matter Capacity 300 Sight Range 16 Terrain Scan Density 10 Additional Mass Support 9 Base Temperature (-) 100 Armor Coverage 310 Propulsion Shielding 66 Evasion (%) 40 Targeting Accuracy 8 Recoil Reduction 5 Particle Charging 15 Item Schematics ----------------- None Robot Schematics ------------------ None Fabricated ------------ Nothing Alien Tech Used ----------------- None Achievements -------------- None Challenges ------------ None Game ------ Seed SubatomicVisualNanovents Manual? 0 Play Time 00:56:50 Cumulative 108.9 hours Start 2024.08.22 @ 22:39:56 End 2024.08.22 @ 23:35:40 Sessions 2 Manual Loads 0 Difficulty Rogue Special Mode None Game No. 90 Rogue 90 Adventurer 0 Explorer 0 Win Type - Total 0 Types 0/0/0/0/0/0/0/0/0 Lore% 49 Gallery% 58 Achievement% 47 Wizard Run 0 Options --------- Layout 2 ASCII 0 Keyboard 1 Movement Vi Keybinds 0 Fullscreen 1 Font 32/SmallcapsGlow Map View 77x44 Zoom Use 0% Tactical HUD 1 Map Filters NONE Filters NONE Steam 1 RUN: fe0900ec-9d77-45ef-8e0e-bc81f6355c2b